 Dungeon Sprint DCSS version 0.29.1-2-gbd0b4ee654 (webtiles) character file.

Game seed: 15109568169927066262

0 boopmooplesden the Trooper (level 3, -9/38 HPs)
             Began as a Minotaur Berserker on Nov 27, 2022.
             Was a Believer of Trog.
             Killed from afar by Blork the orc (19 damage)
             ... with a puff of flame
             ... in the Dungeon (Sprint VI: "Thunderdome").
             The game lasted 00:00:53 (138 turns).

boopmooplesden the Trooper (Minotaur Berserker)      Turns: 138, Time: 00:00:54

Health: -9/38      AC:  2    Str: 23    XL:     3   Next: 78%
Magic:  2/2        EV: 12    Int: 11    God:    Trog [**....]
Gold:   65         SH:  0    Dex:  9    Spells: 2/2 levels left

rFire   x . .      SeeInvis +   a - +0 mace
rCold   . . .      Faith    .   (no shield)
rNeg    . . .      Spirit   .   b - +0 animal skin
rPois   .          Reflect  .   (helmet restricted)
rElec   .          Harm     .   (no cloak)
rCorr   +          Rampage  .   (no gloves)
Will    .....      NoTele   +   (no boots)
Stlth   ++........              (no amulet)
HPRegen 0.12/turn               o - ring of the Imbibing Gods {Wiz Int+7}
MPRegen 0.08/turn               n - ring "Axuasoto" {rF- Will- rCorr SInv Stlth+}

@: on berserk cooldown
A: horns 2, retaliatory headbutt
a: Renounce Religion, Berserk, Trog's Hand


You were in the Dungeon.
You worshipped Trog.
Trog was pleased with you.
You visited 1 branch You collected 200 gold pieces.
You spent 135 gold pieces at shops.

Inventory:

Hand Weapons
 a - a +0 mace (weapon)
Armour
 b - a +0 animal skin (worn)
Jewellery
 m - the amulet "Irabren" {Regen+ Int+4 Slay-4}
   (You bought it in a shop in the Dungeon)

   [amulet of regeneration]

   Int:       It affects your intelligence (+4).
   Slay:      It affects your accuracy & damage with ranged weapons and melee
   (-4).
   Regen:     It increases your rate of health regeneration.
 n - the ring "Axuasoto" (right hand) {rF- Will- rCorr SInv Stlth+}
   (You bought it in a shop in the Dungeon)

   [ring of see invisible]

   rF:        It makes you vulnerable to fire.
   SInv:      It lets you see invisible.
   rCorr:     It protects you from acid and corrosion.
   Will:      It decreases your willpower.
   Stlth:     It makes you more stealthy.
 o - the ring of the Imbibing Gods (left hand) {Wiz Int+7}
   (You bought it in a shop in the Dungeon)

   [ring of wizardry]

   It improves your spell success rate.
   Int:       It affects your intelligence (+7).
Wands
 j - a wand of quicksilver (5)
 k - a wand of roots (5)
Scrolls
 h - 4 scrolls of blinking
 l - 3 scrolls of fog
Potions
 c - a potion of curing
 d - 3 potions of heal wounds
 e - 4 potions of haste
 f - 2 potions of magic
 g - a potion of berserk rage
 i - a potion of resistance


   Skills:
 + Level 6.6 Fighting
 + Level 6.5 Maces & Flails
 + Level 3.7 Armour
 + Level 3.6 Dodging


You had 2 spell levels left.
You didn't know any spells.
Your spell library was empty.

Dungeon Overview and Level Annotations

Branches:
Dungeon (1/1)

Altars:
Dithmenos
Fedhas
Kikubaaqudgha
Makhleb
Okawaru
Qazlal
Sif Muna
Trog
Uskayaw
Vehumet
Wu Jian
Xom
Yredelemnul
Zin
The Shining One

Shops:
D *[??*?:((

Annotations:
D Blork the orc


Innate Abilities, Weirdness & Mutations

You have a pair of horns on your head.
You reflexively headbutt those who attack you in melee.


Message History

You kill the orc priest!
Trog accepts your kill.
You can now call upon Trog for regeneration and willpower.
Your Fighting skill increases to level 6!
Your Maces & Flails skill increases to level 6!
You start resting. 50...
Blork the orc comes into view.
He is wielding a +0 trident and wearing a +1 robe of willpower.
Blork the orc is nearby!
You feel much better.
Things that are here:
a +0 hand axe; an orc corpse Blork the orc shouts!
Blork the orc screams, "I don't like you!"
Blork the orc casts a spell.
Blork the orc seems to speed up.
Blork the orc screams, "I'll drink your blood!
Soon!"
Blork the orc looks angry.
Blork the orc gestures at you while chanting.
The magic dart hits you.
Okay, then.
You fail to use your ability.
Blork the orc points at you and mumbles some strange words.
The puff of frost misses you.
You feel yourself speed up. Blork the orc barely misses you.
Blork the orc hits you with a +0 trident!
An orc wizard comes into view. It is wielding a +0 dagger.
You barely miss Blork the orc. Blork the orc misses you.
You furiously retaliate!
You headbutt Blork the orc.
Blork the orc hits you with a +0 trident.
* * * LOW HITPOINT WARNING * * *
You completely miss Blork the orc.
The orc wizard shouts!
Your headbutt misses Blork the orc.
Blork the orc is lightly wounded.
Blork the orc gestures at you while chanting.
The puff of flame hits you!! The fire burns you terribly!
Ouch! That really hurt!
You die...

#_......._#
###.........###
#⌠...........⌠#
######.8.........8.#
##.___......###......
###∩.)....))8.# .8...
##.............###.....
#⌠..........###...#
#⌠.........@# #.<.#
#⌠.........o###...#
##.............###.....
###∩........8.# .8...
##∩__.......# .....
######.8.........8.#
#⌠.....o.....⌠#
###.........###
#_......._


You could see Blork the orc (fast) and an orc wizard.

Vanquished Creatures
  2 orc priests (D)
  An orc (D)
3 creatures vanquished.

Notes
Turn   | Place    | Note
-------+----------+-------------------------------------------
     0 | D        | boopmooplesden the Minotaur Berserker began the quest for
                  | the Orb.
     0 | D        | Reached XP level 1. HP: 19/19 MP: 0/0
     3 | D        | Found a basalt altar of Yredelemnul.
     3 | D        | Found a hide-covered altar of Uskayaw.
     4 | D        | Found a shadowy altar of Dithmenos.
     4 | D        | Found a radiant altar of Vehumet.
     5 | D        | Found a shimmering altar of Xom.
     5 | D        | Found a blossoming altar of Fedhas.
     5 | D        | Round 1.
     6 | D        | Found an ancient bone altar of Kikubaaqudgha.
     6 | D        | Found Unwibbesm's Identification Station.
     7 | D        | Found Zuozoz's Jewellery.
     7 | D        | Found Toykosha's Advanced Armour.
    20 | D        | Bought a brightly glowing pewter amulet for 45 gold pieces
    20 | D        | Identified the amulet "Irabren" {Regen+ Int+4 Slay-4} (You
                  | bought it in a shop in the Dungeon)
    20 | D        | Bought a faintly glowing platinum ring for 45 gold pieces
    20 | D        | Identified the ring "Axuasoto" {rF- Will- rCorr SInv
                  | Stlth+} (You bought it in a shop in the Dungeon)
    20 | D        | Bought a brightly glowing marble ring for 45 gold pieces
    20 | D        | Identified the ring of the Imbibing Gods {Wiz Int+7} (You
                  | bought it in a shop in the Dungeon)
    25 | D        | Found a glowing golden altar of the Shining One.
    27 | D        | Found an iron altar of Okawaru.
    28 | D        | Found Guowan's Premium Goods.
    86 | D        | Noticed an orc priest
    88 | D        | Found a shimmering blue altar of Sif Muna.
    88 | D        | Found a glowing silver altar of Zin.
    88 | D        | Found a bloodstained altar of Trog.
    88 | D        | Found Rebol Zaill's Weapon Rack.
   102 | D        | Killed an orc priest
   103 | D        | Reached skill level 5 in Fighting
   103 | D        | Reached skill level 5 in Maces & Flails
   103 | D        | Reached XP level 2. HP: 25/30 MP: 1/1
   103 | D        | Reached XP level 3. HP: 30/37 MP: 2/2
   104 | D        | Found Omiutzur's Magic Scroll Shop.
   109 | D        | Found an ornate altar of the Wu Jian Council.
   109 | D        | Found a stormy altar of Qazlal.
   109 | D        | Found a burning altar of Makhleb.
   109 | D        | Found Ajut's Staff Store.
   109 | D        | Found Fogrub's Magic Scroll Shop.
   109 | D        | Found Macs's Must-Have Magic.
   114 | D        | Reached ** piety under Trog
   130 | D        | Noticed Blork the orc
   138 | D        | Killed from afar by Blork the orc

Illustrated notes

Levels and vault maps discovered:
D:        arena_sprint

Skill      XL: |  1  2  3 |
---------------+----------+-----
Fighting       | 5 6 |  6.6
Maces & Flails | 5 6 |  6.5
Armour         | 3 |  3.7
Dodging        | 3 |  3.6

Action                   || total
-------------------------++-------
Melee: Mace              ||    15
       Headbutt          ||     2
       Punch             ||     1
Invok: Berserk           ||     1
  Use: Potion            ||     1
Dodge: Dodged            ||     8
